 Dungeon Crawl Stone Soup version 0.30-a0-924-g0ad0bf95bc (webtiles) character file.

Game seed: 7002423331192797129

315 cforsyth the Covered (level 6, -3/48 HPs)
             Began as a Human Fighter on Mar 23, 2023.
             Killed by nerve-wracking pain
             ... invoked by an orc priest
              (6 damage)
             ... on level 3 of the Dungeon.
             The game lasted 00:05:21 (3600 turns).

cforsyth the Covered (Human Fighter)                Turns: 3600, Time: 00:05:22

Health: -3/48      AC:  8    Str: 18    XL:     6   Next: 72%
Magic:  6/6        EV:  9    Int:  8    God:
Gold:   247        SH:  5    Dex: 13    Spells: 5/5 levels left

rFire   . . .      SeeInvis .    a - +0 flail
rCold   . . .      Faith    .    c - +0 buckler
rNeg    . . .      Spirit   .    b - +0 scale mail
rPois   .          Reflect  .    (no helmet)
rElec   .          Rampage  .    g - +0 cloak
rCorr   .                        (no gloves)
Will    .....                    (no boots) Stlth
                                 (no amulet)
HPRegen 0.28/turn                (no ring)
MPRegen 0.10/turn                (no ring)

@: no status effects
A: no striking features
a: no special abilities


You were on level 3 of the Dungeon.
You visited 1 branch of the dungeon, and saw 4 of its levels.

You collected 247 gold pieces.

Inventory:

Hand Weapons
 a - a +0 flail (weapon)
Armour
 b - a +0 scale mail (worn)
 c - a +0 buckler (worn)
 g - a +0 cloak (worn)
Scrolls
 e - 2 scrolls of teleportation
 f - a scroll of identify
 h - a scroll of enchant weapon
 j - a scroll of brand weapon
 k - a scroll of fog {unknown}
 m - a scroll of magic mapping {unknown}
Potions
 d - a potion of might
 l - a potion of attraction {unknown}
 n - a potion of mutation {unknown}
 o - a potion of brilliance {unknown}
 q - a potion of resistance {unknown}


   Skills:
 + Level 4.3 Fighting
 + Level 3.6 Maces & Flails
 + Level 4.3 Armour
 + Level 4.3 Shields


You had 5 spell levels left.
You didn't know any spells.
Your spell library contained the following spells:

 Spells                   Type           Power      Damage    Failure   Level
 Ensorcelled Hibernation  Hex/Ice        0%         N/A       95%         2
 Passwall                 Tmut/Erth      0%         N/A       95%         2
 Call Canine Familiar     Summ           0%         N/A       99%         3
 Portal Projectile        Hex/Tloc       0%         N/A       99%         3
 Swiftness                Air            0%         N/A       99%         3
 Leda's Liquefaction      Hex/Erth       0%         N/A       100%        4


Dungeon Overview and Level Annotations

Branches:
Dungeon (4/15)
 Temple: D:4-7

Altars:
Nemelex Xobeh

Annotations:
D:1 2 runed translucent doors


Message History

The orc priest hits you with a +0 dagger.
The orc wizard hits you but does no damage.
You block the orc priest's attack.
You closely miss the orc priest.
The orc priest is heavily wounded.
The orc priest closely misses you.
The orc wizard hits you but does no damage.
The orc priest looks encouraged for a moment.
The orc priest mumbles some strange prayers to Beogh against you.
Beogh smites you!
The orc wizard hits you with a +0 dagger.
The orc priest looks encouraged for a moment.
You barely miss the orc priest.
The orc priest is heavily wounded.
The orc priest calls down the wrath of Beogh upon you.
You barely resist.
The orc wizard hits you but does no damage.
The orc priest invokes the aid of Beogh against you.
Beogh smites you!
* * * LOW HITPOINT WARNING * * *
You sock the orc priest!
You kill the orc priest!
The orc wizard hits you with a +0 dagger.
* * * LOW HITPOINT WARNING * * *
The orc priest hits you but does no damage.
You hit the orc priest but do no damage.
The orc wizard hits you with a +0 dagger.
* * * LOW HITPOINT WARNING * * *
The orc priest hits you but does no damage.
Unknown command.
You hit the orc priest.
The orc priest is moderately wounded.
The orc wizard hits you with a +0 dagger.
* * * LOW HITPOINT WARNING * * *
The orc priest hits you with a +0 flail.
* * * LOW HITPOINT WARNING * * *
You block the orc wizard's attack.
The orc priest calls down the wrath of Beogh upon you.
Pain shoots through your body!
You die...

##.....#..# ##...............
#########.# ##..............
.......##.#### ##.............
######.##....## ##............
######.#####..## ##))).......[.
.##....# ##..#####..#<.........
.##.##########.#.....##.#########
...............o)######.##
##.##########.#o@# #...# #.#
#.##รท# #...# #.### #.##.# #...#
#...## #....# #...# ##...# ######
#...# #...# #...# #...# #...#
#...######## #...## #..........#
#....#


You could see an orc priest and an orc wizard.

Vanquished Creatures
  2 orc priests (D:3)
  Natasha (D:2)
  3 orc wizards
  Robin (D:2)
  2 adders
  An ufetubus (D:3)
  2 worms (D:2)
  4 dart slugs
  11 orcs
  6 ball pythons
  8 endoplasms
  5 giant cockroaches
  4 hobgoblins
  3 jackals (D:3)
  4 quokkas
  3 bats (D:1)
  7 frilled lizards
  18 goblins
  3 kobolds
  8 rats
96 creatures vanquished.

Notes
Turn   | Place    | Note
-------+----------+-------------------------------------------
     0 | D:1      | cforsyth the Human Fighter began the quest for the Orb.
     0 | D:1      | Reached XP level 1. HP: 18/18 MP: 1/1
    60 | D:1      | Found a large runed translucent door.
    60 | D:1      | Found a large runed translucent door.
   138 | D:1      | Reached XP level 2. HP: 22/24 MP: 2/2
   283 | D:1      | Reached XP level 3. HP: 29/29 MP: 3/3
  1319 | D:2      | Noticed Natasha
  1567 | D:2      | Reached XP level 4. HP: 35/35 MP: 4/4
  1620 | D:2      | Noticed Robin
  1632 | D:2      | Killed Robin
  1753 | D:2      | Killed Natasha
  1754 | D:2      | Reached XP level 5. HP: 38/42 MP: 5/5
  2615 | D:3      | Found a sparkling altar of Nemelex Xobeh.
  3019 | D:3      | Reached XP level 6. HP: 36/48 MP: 6/6
  3600 | D:3      | Killed from afar by an orc priest

Illustrated notes

Levels and vault maps discovered:
D:1:      erik_arrival_cave_to_civilisation [erik_arrival_cave_to_temple],
          layout_basic, minmay_small_reverse_x
D:2:      layout_basic, grunt_decor_resistance, grunt_decor_clamped,
          uniq_natasha, uniq_robin
D:3:      layout_basic, nicolae_overflow_crystal_walls
D:4:      layout_loops_ring, ashenzari_altar_1

Skill      XL: |  1  2  3  4  5 |
---------------+----------------+-----
Maces & Flails | 3 |  3.6
Fighting       | 4 |  4.3
Armour         | 4 |  4.3
Shields        | 4 |  4.3

Action                     |  1- 3 |  4- 6 || total
---------------------------+-------+-------++-------
  Melee: Flail             |   113 |   194 ||   307
    Use: Scroll            |     2 |     4 ||     6
         Potion            |       |     1 ||     1
 Armour: Scale mail        |    50 |   145 ||   195
  Dodge: Dodged            |    75 |   129 ||   204
  Block: Buckler           |    33 |    65 ||    98

Table legend: (Time is in decaauts)
 A = Elapsed time spent in this place.
 B = Non-inter-level travel time spent in this place.
 C = Inter-level travel time spent in this place.
 D = Time resting spent in this place.
 E = Time spent auto-exploring this place.
 F = Levels seen in this place.
 G = Mean time per level.
                   A        B        C        D        E       F      G
               +--------+--------+--------+--------+--------+-----+--------+
         Total |   3698 |   3599 |     99 |    717 |   2117 |   4 |  924.5 |
       Dungeon |   3698 |   3599 |     99 |    717 |   2117 |   4 |  924.5 |
               +--------+--------+--------+--------+--------+-----+--------+

Top non-repeatable levels by time:
     D:1: 1276 daAuts
     D:2: 1259 daAuts
     D:3: 1042 daAuts
     D:4: 120 daAuts
